 Dungeon Crawl Stone Soup version 0.25-a0-942-g87a53962fc (webtiles) character file.

Game seed: 16454219069337680022, levelgen mode: deterministic

373 Chiseanne the Skirmisher (level 6, -1/72 HPs)
             Began as a Demonspawn Wanderer on May 7, 2020.
             Was an Initiate of Okawaru.
             Slain by a centaur zombie (2 damage)
             ... in an ossuary.
             The game lasted 00:10:23 (2753 turns).

Chiseanne the Skirmisher (Demonspawn Wanderer)      Turns: 2753, Time: 00:10:23

Health: -1/72      AC:  9    Str: 13    XL:     6   Next: 43%
Magic:  7/7        EV: 10    Int: 14    God:    Okawaru [......]
Gold:   26         SH:  4    Dex: 13    Spells: 5/5 levels left

rFire    . . .     SeeInvis .   h - +0 battleaxe (curse)
rCold    . . .     Gourm    .   (shield currently unavailable)
rNeg     . . .     Faith    .   u - +0 scale mail
rPois    .         Spirit   .   g - +0 helmet
rElec    .         Reflect  .   (no cloak)
rCorr    .         Harm     .   (no gloves)
MR       .....                  v - +0 pair of boots
Stlth    ..........             (no amulet)
HPRegen  0.22/turn              (no ring)
MPRegen  0.10/turn              (no ring)

@: berserking, marked, very quick
A: claws 1, large bone plates 1
a: Renounce Religion


You were in an ossuary.
You worshipped Okawaru.
Okawaru was noncommittal.
You were not hungry.

You visited 1 branch of the dungeon, and saw 6 of its levels.
You also visited: Ossuary.

You collected 26 gold pieces.

Inventory:

Hand Weapons
 a - a +2 dagger
 h - a cursed +0 battleaxe (weapon)
 m - a +0 short sword
 n - a +0 hand axe
 r - a +0 glaive
 s - a +0 spear
Missiles
 i - 24 sling bullets
 l - 72 stones (quivered)
 o - 32 bolts
Armour
 g - a +0 helmet (worn)
 u - a +0 scale mail (worn)
 v - a +0 pair of boots (worn)
Magical Staves
 t - a cursed staff of conjuration {unknown}
Jewellery
 q - a cursed -2 ring of evasion {unknown}
Wands
 c - a wand of random effects (17)
Scrolls
 b - a scroll of blinking
 d - a scroll of fear
Potions
 e - a potion of haste {unknown}
 k - 2 potions of brilliance {unknown}
 p - a potion of might {unknown}
Comestibles
 f - 3 rations


   Skills:
 * Level 4.1 Fighting
 * Level 0.6(1.3) Axes
 - Level 1.7(1.9) Polearms
 * Level 3.0 Armour
 - Level 3.5 Dodging
 - Level 2.6 Stealth
 - Level 1.0 Unarmed Combat
 * Level 2.4 Invocations


You had 5 spell levels left.
You didn't know any spells.
Your spell library contained the following spells:

 Spells                   Type           Power        Failure   Level  Hunger
 Corona                   Hex            #......      78%         1    ##.....
 Ensorcelled Hibernation  Hex/Ice        #.....       89%         2    ###....
 Confusing Touch          Hex            #.......     98%         3    ####...
 Dazzling Flash           Conj/Hex       #.....       98%         3    ####...
 Tukima's Dance           Hex            #.......     98%         3    ####...


Dungeon Overview and Level Annotations

Branches:
Dungeon (6/15)            Ossuary (1/1)
 Temple: D:4-7

Altars:
Okawaru
Ru


Innate Abilities, Weirdness & Mutations

You have sharp fingernails.
You are partially covered in large bone plates. (SH +4)


Message History

You slash the mummy!
You destroy the mummy!
Okawaru accepts your kill.
You slash the kobold zombie!
You destroy the kobold zombie!
Okawaru accepts your kill.
You hit the adder zombie.
You destroy the adder zombie!
Okawaru accepts your kill.
You hit the centaur zombie. The centaur zombie barely misses you.
The centaur zombie hits you but does no damage.
You barely miss the centaur zombie. You hit the centaur zombie.
The centaur zombie hits you.
* * * LOW HITPOINT WARNING * * *
The centaur zombie closely misses you.
You slash the centaur zombie!
The centaur zombie is heavily damaged.
You slash the centaur zombie! You block the centaur zombie's attack.
The centaur zombie hits you.
You die...

#....................#
#....................#
#........8..8........#
#....................#
#...######..######...#
#...# #.^# #...# #...#
#.^# #...#
#...#.####.^####.#...#
#...#...Z@.......#...#
#...#.####Z......#...#
#...# #.......#...#
#...# #.......#...#
#...# #.∩.....#...#
#...# ....+####...#
#...# #...# #...#
#...# ...# #...#
#...##############...#


You could see 2 centaur zombies.

Vanquished Creatures
  A howler monkey (D:4)
  A bullfrog zombie (D:6)
  A centaur zombie (Ossuary)
  A bullfrog skeleton (D:5)
  An iguana (D:5)
  Natasha (thrice) (D:3)
  A worker ant (D:5)
  A hound skeleton (D:5)
  2 mummies (Ossuary)
  2 adders
  An adder zombie (Ossuary)
  A dart slug (D:2)
  A leopard gecko (D:1)
  2 orcs
  4 goblins
  2 hobgoblins
  4 jackals (D:1)
  4 kobolds
  A bat (D:3)
  A frilled lizard (D:1)
  A goblin zombie (Ossuary)
  6 hobgoblin zombies (Ossuary)
  16 kobold zombies (Ossuary)
  A leopard gecko zombie (D:5)
  4 orc zombies (Ossuary)
  A quokka zombie (D:5)
  3 rats
67 creatures vanquished.

Notes
Turn   | Place    | Note
-------+----------+-------------------------------------------
     0 | D:1      | Chiseanne the Demonspawn Wanderer began the quest for the
                  | Orb.
     0 | D:1      | Chiseanne set off with the following items: a +2 dagger, a
                  | scroll of blinking, a potion of curing, a +0 spear, a +0
                  | robe, a ration
     0 | D:1      | Reached XP level 1. HP: 16/16 MP: 1/1
   245 | D:1      | Gained mutation: You have sharp fingernails. [demonic
                  | ancestry]
   245 | D:1      | Reached XP level 2. HP: 15/22 MP: 2/2
   387 | D:1      | Reached skill level 1 in Armour
   745 | D:3      | Noticed Natasha
   779 | D:3      | Noticed a crimson imp
   783 | D:3      | Noticed a crimson imp
   783 | D:3      | Gained mutation: You are partially covered in large bone
                  | plates. (SH +4) [demonic ancestry]
   783 | D:3      | Reached XP level 3. HP: 13/28 MP: 3/3
   795 | D:3      | Killed Natasha
   807 | D:3      | Noticed Natasha
   823 | D:3      | Killed Natasha
   823 | D:3      | Reached skill level 3 in Fighting
   823 | D:3      | Reached XP level 4. HP: 13/35 MP: 4/4
   907 | D:3      | Noticed Natasha
  1035 | D:3      | Killed Natasha
  1160 | D:4      | Reached XP level 5. HP: 36/41 MP: 5/5
  1305 | D:4      | Found an iron altar of Okawaru.
  1310 | D:4      | Became a worshipper of Warmaster Okawaru
  1409 | D:4      | Noticed a phantom
  1675 | D:4      | Found a sacrificial altar of Ru.
  1731 | D:5      | Entered Level 5 of the Dungeon
  1923 | D:5      | Reached skill level 1 in Invocations
  2514 | D:6      | Reached XP level 6. HP: 37/48 MP: 7/7
  2612 | D:6      | Found a sand-covered staircase.
  2617 | Ossuary  | Entered an ossuary
  2740 | Ossuary  | Reached skill level 4 in Fighting
  2749 | Ossuary  | HP: 3/72 [adder zombie (3)]
  2752 | Ossuary  | HP: 1/72 [centaur zombie (3)]
  2753 | Ossuary  | Slain by a centaur zombie

Levels and vault maps discovered:
D:1:      lemuel_arrival_tunnels, layout_rooms, hangedman_feature_mirror
D:2:      layout_loops_ring, amethyst_overflow_temple_binary, first_ration
D:3:      cheibrodos_old_hovel, layout_loops_ring, grunt_decor_fettered,
          serial_park_tiny_pond, minivault_19, uniq_natasha,
          uniq_crazy_yiuf_cottage
D:4:      layout_basic, overflow_temple_1_default, kennysheep_mini,
          okawaru_gym_becter, uniq_edmund
D:5:      layout_cave_pods, minmay_temple_entry_slanted, minmay_diced_spiral,
          uniq_eustachio
D:6:      layout_gridville, marbit_many_paths, enter_ossuary_2
Ossuary:  ossuary_tomb_1

Skill      XL: |  1  2  3  4  5  6 |
---------------+-------------------+-----
Dodging        | 2 3 |  3.5
Armour         | 1 2 3 |  3.0
Fighting       | 3 4 |  4.1
Invocations    | 2 |  2.4
Axes           | |  0.6
Polearms       | |  1.7
Stealth        | |  2.6
Unarmed Combat | |  1.0

Action                   |  1- 3 |  4- 6 || total
-------------------------+-------+-------++-------
Melee: Dagger            |   118 |   106 ||   224
       Punch             |     2 |     3 ||     5
       Hand axe          |       |     7 ||     7
       Battleaxe         |       |    46 ||    46
Throw: Stone             |       |     6 ||     6
Evoke: Wand              |       |     1 ||     1
  Use: Scroll            |     3 |     3 ||     6
       Potion            |     2 |     2 ||     4
  Eat: Chunk             |       |     1 ||     1
       Ration            |       |     2 ||     2
Armor: Ring mail         |    31 |    19 ||    50
       Scale mail        |       |    33 ||    33
Dodge: Dodged            |    54 |    81 ||   135
Block: Other             |     3 |    35 ||    38

Table legend:
 A = Non-vault XP
 B = Vault XP
 C = Vault XP percentage of total XP
 D = Non-vault monster count
 E = Vault monster count
 F = Vault count percentage of total count
                 A         B        C        D         E       F
            +---------+---------+-------+---------+---------+-------
      Total |     332 |     201 |  37.7 |      31 |      36 |  53.7
            +---------+---------+-------+---------+---------+-------
        D:1 |      24 |       0 |   0.0 |      13 |       0 |   0.0
        D:2 |       9 |       0 |   0.0 |       4 |       0 |   0.0
        D:3 |      93 |      36 |  27.9 |       7 |       2 |  22.2
        D:4 |      60 |       0 |   0.0 |       2 |       0 |   0.0
        D:5 |      98 |      50 |  33.8 |       4 |       3 |  42.9
        D:6 |      48 |       0 |   0.0 |       1 |       0 |   0.0
    Ossuary |       0 |     115 | 100.0 |       0 |      31 | 100.0
            +---------+---------+-------+---------+---------+-------
